 Dungeon Crawl Stone Soup version 0.27-a0-334-g52645efa06 (webtiles) character file.

Game seed: 11482905995952333299

4 Chiseanne the Vexing (level 1, 15/15 HPs)
             Began as a Demonspawn Wanderer on Feb 13, 2021.
             Quit the game on level 1 of the Dungeon.
             The game lasted 00:00:57 (141 turns).

Chiseanne the Vexing (Demonspawn Wanderer)           Turns: 141, Time: 00:00:58

Health: 15/15      AC:  5    Str: 12    XL:     1   Next: 58%
Magic:  2/2        EV: 10    Int: 12    God:
Gold:   12         SH:  0    Dex: 13    Spells: 1/2 levels left

rFire    . . .     SeeInvis .   a - +0 dagger
rCold    . . .     Faith    .   (no shield)
rNeg     . . .     Spirit   .   b - +0 ring mail
rPois    .         Reflect  .   (no helmet)
rElec    .         Harm     .   (no cloak)
rCorr    .         Rampage  .   (no gloves)
Will     .....                  (no boots)
Stlth    +.........             (no amulet)
HPRegen  0.05/turn              (no ring)
MPRegen  0.08/turn              (no ring)

@: no status effects
A: no striking features
a: no special abilities


You were on level 1 of the Dungeon.
You visited 1 branch of the dungeon, and saw 1 of its levels.

You collected 12 gold pieces.

Inventory:

Hand Weapons
 a - a +0 dagger (weapon)
Armour
 b - a +0 ring mail (worn)
Potions
 c - a potion of lignification


   Skills:
 + Level 1.0 Fighting
 + Level 1.1 Maces & Flails
 + Level 1.0 Armour
 + Level 1.0 Stealth
 + Level 1.0 Spellcasting
 + Level 2.0 Conjurations
 + Level 2.0 Hexes
 + Level 1.0 Evocations


You had one spell level left.
You knew the following spells:

 Your Spells              Type           Power        Failure   Level
a - Magic Dart            Conj           20%          30%         1

Your spell library contained the following spells:

 Spells                   Type           Power        Failure   Level
 Slow                     Hex            5%           41%         2
 Blink                    Tloc           N/A          71%         2
 Call Imp                 Summ           0%           71%         2
 Conjure Flame            Conj/Fire      3%           80%         3
 Mephitic Cloud           Conj/Pois/Air  2%           83%         3


Dungeon Overview and Level Annotations

Branches:
Dungeon (1/15)

Altars:


Message History

Options error: Bad object type '%' for autopickup. (~/.crawlrc:79) Options error: Bad travel_delay: "1 (or -1 online)" (~/.crawlrc:138) Options error: Bad rest_delay: "-1 (or -1 online)" (~/.crawlrc:140) Welcome, Chiseanne the Demonspawn Wanderer.
The bosom of this dungeon contains the fabled artefact, the Orb of Zot.
Press ? for a list of commands and other information.
Found 5 gold pieces.
You begin with the following items: a +0 dagger, a +0 ring mail, a potion of lignification; and the following spell memorised: Magic Dart; and the following spells available to memorise: Slow, Blink, Call Imp, Conjure Flame, Mephitic Cloud.
Found a runed dagger.
Okay, then.
Found 12 gold pieces.
An ooze comes into view.
The ooze quivers.
You see here 12 gold pieces.
You now have 12 gold pieces.
The ooze barely misses you.
You hit the ooze but do no damage. The ooze hits you but does no damage.
You hit the ooze but do no damage. The ooze hits you.
You barely miss the ooze. The ooze hits you but does no damage.
You hit the ooze.
The ooze is lightly wounded.
The ooze jiggles.
The ooze hits you.
You hit the ooze.
The ooze is moderately wounded.
The ooze hits you.
You hit the ooze.
The ooze is heavily wounded.
The ooze barely misses you.
You hit the ooze.
The ooze is almost dead.
The ooze hits you but does no damage.
You hit the ooze.
You kill the ooze!
Are you sure you want to abandon this character and quit the game? (Confirm with "yes".)

###.# #...# ##..#
############...#
##............§.#
#.....≈≈≈≈≈.....#
#....≈≈§≈≈≈≈..§.##
#<...≈§$>§§≈.....#.#
#...§≈≈≈≈≈≈§...@...#
#....§≈≈§≈≈.....##.#
##.......§§....... #
############....##
##...# #...# #####


There were no monsters in sight!

Vanquished Creatures
  An ooze (D:1)
1 creature vanquished.

Notes
Turn   | Place    | Note
-------+----------+-------------------------------------------
     0 | D:1      | Chiseanne the Demonspawn Wanderer began the quest for the
                  | Orb.
     0 | D:1      | Chiseanne set off with the following items: a +0 dagger, a
                  | +0 ring mail, a potion of lignification; and the following
                  | spell memorised: Magic Dart; and the following spells
                  | available to memorise: Slow, Blink, Call Imp, Conjure
                  | Flame, Mephitic Cloud
     0 | D:1      | Reached XP level 1. HP: 15/15 MP: 2/2
   141 | D:1      | Quit the game

Illustrated notes

Levels and vault maps discovered:
D:1:      lemuel_arrival_lava_pool, layout_loops_ring

Action                   || total
-------------------------++-------
Melee: Dagger            ||     8
Armor: Ring mail         ||     3
Dodge: Dodged            ||     2

Table legend: (Time is in decaauts)
 A = Elapsed time spent in this place.
 B = Non-inter-level travel time spent in this place.
 C = Inter-level travel time spent in this place.
 D = Time resting spent in this place.
 E = Time spent auto-exploring this place.
 F = Levels seen in this place.
 G = Mean time per level.
                   A        B        C        D        E       F      G
               +--------+--------+--------+--------+--------+-----+--------+
         Total |    141 |    141 |      0 |    116 |      0 |   1 |  141.0 |
       Dungeon |    141 |    141 |      0 |    116 |      0 |   1 |  141.0 |
               +--------+--------+--------+--------+--------+-----+--------+

Top non-repeatable levels by time:
     D:1: 141 daAuts
